 Dungeon Crawl Stone Soup version 0.31-a0-819-gf6de2f5ab6 (webtiles) character file.

Game seed: 15066855345978867524

396 Kurtz the Chopper (level 6, -4/42 HPs)
             Began as an Octopode Fighter on Sept 25, 2023.
             Was a Believer of Makhleb.
             Slain by a steam dragon (5 damage)
             ... on level 4 of the Dungeon.
             The game lasted 00:04:22 (3623 turns).

Kurtz the Chopper (Octopode Fighter)                Turns: 3623, Time: 00:04:23

Health: -4/42      AC:  1    Str: 14 (15) XL:     6   Next: 83%
Magic:  7/7        EV: 13    Int: 10      God:    Makhleb [**....]
Gold:   201        SH:  5    Dex: 14      Spells: 5/5 levels left

rFire   . . .        a - +0 war axe
rCold   . . .        b - +0 buckler
rNeg    . . .        (helmet restricted)
rPois   .            (no amulet)
rElec   .            (no ring)
rCorr   .            (no ring)
SInv    .            (no ring)
Will    .....        (no ring)
Stlth   ++           (no ring)
HPRegen 0.27/turn    (no ring)
MPRegen 0.10/turn    (no ring)
                     (no ring)

%: no passive effects
@: mighty
A: almost no armour, amphibious, 8 rings, camouflage 1, gelatinous body 1,
(nimble swimmer 1), tentacles
a: Renounce Religion, Minor Destruction


You were on level 4 of the Dungeon.
You worshipped Makhleb.
Makhleb was pleased with you.
You visited 1 branch of the dungeon, and saw 4 of its levels.
You also visited: Sewer.

You collected 201 gold pieces.

Inventory:

Hand Weapons
 a - a +0 war axe (weapon)
Missiles
 d - 5 darts of dispersal
 j - 8 poisoned darts
Armour
 b - a +0 buckler (worn)
Scrolls
 e - 2 scrolls of teleportation {unknown}
 f - 2 scrolls of vulnerability {unknown}
 i - a scroll of blinking {unknown}
 k - 2 scrolls of immolation {unknown}
 o - 5 scrolls of identify {unknown}
 p - 3 scrolls of poison {unknown}
 q - 3 scrolls of noise
 r - a scroll of revelation {unknown}
 s - a scroll of summoning {unknown}
 t - 3 scrolls of amnesia {unknown}
 v - a scroll of enchant armour {unknown}
 w - 3 scrolls of enchant weapon {unknown}
 x - a scroll of brand weapon {unknown}
 y - a scroll of fear {unknown}
Potions
 g - 2 potions of degeneration
 h - a potion of heal wounds
 l - a potion of resistance {unknown}
 m - a potion of brilliance {unknown}
 n - a potion of curing {unknown}
 u - 4 potions of enlightenment
 z - a potion of haste {unknown}


   Skills:
 * Level 3.0 Fighting
 + Level 6.5 Axes
 * Level 3.0 Dodging
 + Level 3.0 Shields
 * Level 2.5 Invocations


You had 5 spell levels left.
You didn't know any spells.
Your spell library contained the following spells:

 Spells                   Type           Power      Damage    Failure   Level
 Blink                    Tloc           0%         N/A       58%         2
 Lesser Beckoning         Tloc           0%         N/A       58%         2
 Momentum Strike          Conj/Tloc      0%         3d8       58%         2
 Ignite Poison            Fire/Tmut/Pois 0%         N/A       83%         3
 Sticky Flame             Conj/Fire      0%         2d3       99%         4
 Ignition                 Fire           0%         3d3       100%        8


Dungeon Overview and Level Annotations

Branches:
Dungeon (4/15)             Temple (0/1) D:4           Sewer (visited)

Altars:
Hepliaklqana
Makhleb
Xom
Zin

Annotations:
D:3 exclusion: downstairs
D:4 exclusion: steam dragon


Innate Abilities, Weirdness & Mutations

You cannot wear most types of armour.
You are amphibious.
You can wear up to eight rings at the same time.
Your skin changes colour to match your surroundings (Stealth+).
Your rubbery body absorbs attacks. (AC +1, EV +1)
((You are camouflaged when in or above water. (Stealth+)))
You have tentacles for arms and can constrict up to eight enemies at once.


Message History

Makhleb accepts your kill.
No target in view!
Unknown command.
No target in view!
w - 3 scrolls labelled LEKAOFU LARGH (gained 1)
You pick up an Everburning Encyclopedia and begin reading...
You add the spells Ignite Poison, Sticky Flame and Ignition to your library.
No target in view!
No target in view!
The steam dragon hisses angrily.
A steam dragon is nearby!
The steam dragon bites you. You block the steam dragon's attack.
A steam dragon is nearby!
You slash the steam dragon!
The steam dragon is moderately wounded.
The steam dragon bites you. You block the steam dragon's attack.
Unknown command.
You feel very mighty all of a sudden. The steam dragon misses you.
You block the steam dragon's attack.
You slash the steam dragon!
The steam dragon is heavily wounded.
The steam dragon bites you. The steam dragon claws you.
The steam dragon bites you! The steam dragon misses you.
Unknown command.
You closely miss the steam dragon.
The steam dragon is heavily wounded.
The steam dragon bites you. The steam dragon barely misses you.
Unknown command.
You closely miss the steam dragon.
The steam dragon is heavily wounded.
The steam dragon bites you!
* * * LOW HITPOINT WARNING * * *
The steam dragon claws you.
* * * LOW HITPOINT WARNING * * *
Unknown command.
Okay, then.
You barely miss the steam dragon. You squeeze the steam dragon!
The steam dragon is almost dead.
The steam dragon barely misses you. The steam dragon claws you.
You die...

..........#######.##
.#######..# .#
######..# .
#...##..# .
#.......# ..
#...##..# .#
##.###..# .
#.###.###..#######.
#....@....... .....
#####D####### ...#
#...# ..# #... #.#
#...# ##'## ##.##
##...## #.##
##.....## ####..##
##.......#
#<.....####.........


You could see a steam dragon.

Vanquished Creatures
  A hound (D:4)
  An orc priest (D:4)
  An orc wizard (D:4)
  6 river rats
  13 adders
  5 worms
  4 dart slugs
  3 orcs (D:4)
  8 endoplasms
  7 giant cockroaches
  6 goblins
  6 hobgoblins
  7 jackals
  9 kobolds
  8 quokkas
  9 ball pythons
  19 bats
  4 frilled lizards
  8 rats
125 creatures vanquished.

Notes
Turn   | Place    | Note
-------+----------+-------------------------------------------
     0 | D:1      | Kurtz the Octopode Fighter began the quest for the Orb.
     0 | D:1      | Reached XP level 1. HP: 16/16 MP: 1/1
    48 | D:1      | Reached XP level 2. HP: 21/21 MP: 2/2
   253 | D:1      | Reached skill level 3 in Axes
   461 | D:1      | Reached XP level 3. HP: 21/26 MP: 3/3
   957 | D:2      | Found a burning altar of Makhleb.
  1088 | D:2      | Became a worshipper of Makhleb the Destroyer
  1220 | D:2      | Found a faded altar of an unknown god.
  1371 | D:2      | Reached skill level 4 in Axes
  1371 | D:2      | Reached XP level 4. HP: 31/31 MP: 4/4
  1640 | D:2      | Reached skill level 1 in Invocations
  1696 | D:3      | Reached * piety under Makhleb
  2020 | D:3      | Found a shimmering altar of Xom.
  2024 | D:3      | Found a hazy altar of Hepliaklqana.
  2336 | D:4      | Noticed a steam dragon
  2513 | D:4      | Reached XP level 5. HP: 32/36 MP: 6/6
  2530 | D:4      | Reached skill level 5 in Axes
  2540 | D:4      | Found a glowing silver altar of Zin.
  2588 | D:4      | Found a staircase to the Ecumenical Temple.
  2645 | D:4      | Reached XP level 6. HP: 33/42 MP: 7/7
  2661 | D:4      | Found a glowing drain.
  2665 | Sewer    | Entered a sewer
  2753 | Sewer    | Reached ** piety under Makhleb
  2971 | Sewer    | Reached skill level 6 in Axes
  3622 | D:4      | HP: 1/42 [steam dragon (6)]
  3623 | D:4      | Slain by a steam dragon

Illustrated notes

Levels and vault maps discovered:
D:1:      lemuel_arrival_funnel, layout_loops_cross, serial_aquarium,
          aquarium_bridge_square [aquarium_subvault_bridge,
          aquarium_subvault_wall, aquarium_subvault_bridge,
          aquarium_subvault_balcony], aquarium_window_1, aquarium_window_fake,
          aquarium_window_1, aquarium_window_corridor_2, aquarium_view_2a,
          aquarium_view_2d, aquarium_pool_1
D:2:      layout_basic, dreamdust_ecumenical_altar_angels_and_demons,
          basic_altar
D:3:      layout_rooms, nicolae_overflow_hidden_temple,
          nicolae_figureground_sparkle
D:4:      dreamdust_elfheim, layout_loops_corners, zin_statuary,
          minmay_temple_entry_sparse_star, gup_sewer_entry_spiral

Skill      XL: |  1  2  3  4  5  6 |
---------------+-------------------+-----
Axes           | 3 4 5 6 |  6.5
Invocations    | 1 2 |  2.5
Fighting       | |  3.0
Dodging        | |  3.0
Shields        | |  3.0

Action                     |  1- 3 |  4- 6 || total
---------------------------+-------+-------++-------
  Melee: War axe           |    67 |   158 ||   225
         Constrict         |    16 |    40 ||    56
         Tentacles         |     8 |    29 ||    37
         Punch             |       |     4 ||     4
    Use: Potion            |       |     4 ||     4
   Stab: Sleeping          |     9 |    20 ||    29
 Armour: Skin              |    29 |    71 ||   100
  Dodge: Dodged            |    47 |   103 ||   150
  Block: Buckler           |    13 |    26 ||    39

Table legend: (Time is in decaauts)
 A = Elapsed time spent in this place.
 B = Non-inter-level travel time spent in this place.
 C = Inter-level travel time spent in this place.
 D = Time resting spent in this place.
 E = Time spent auto-exploring this place.
 F = Levels seen in this place.
 G = Mean time per level.
                   A        B        C        D        E       F      G
               +--------+--------+--------+--------+--------+-----+--------+
         Total |   3691 |   3519 |    172 |    321 |   2245 |   5 |  738.2 |
       Dungeon |   2965 |   2793 |    172 |    143 |   1899 |   4 |  741.2 |
         Sewer |    725 |    725 |      0 |    178 |    346 |   1 |  725.0 |
               +--------+--------+--------+--------+--------+-----+--------+

Top non-repeatable levels by time:
     D:1: 951 daAuts
     D:2: 784 daAuts
   Sewer: 725 daAuts
     D:3: 669 daAuts
     D:4: 560 daAuts
